AoeStats
← Papaya Yaga

Migration

509718470Analyzed
1v1 RM · 5d ago on Sep 27, 2026· 35m 9s· 2 players
Game mode
Random Map
Map size
132×132
Population
200
Speed
Normal
Resources
Standard
Victory
Conquest
Starting age
Dark Age
Ending age
Imperial Age
RankedLock teamsTeams togetherTeam positionsShared explorationLock speedFull tech treeHidden civsTurbo modeCheats
Victory
Defeat
🇵🇪 Tatars · Peru
363
+21
🇦🇹 Saracens · Austria
470
-21
TYSON
12:40 Feudal Age
13:32 Double-Bit Axe
18:30 Horse Collar
21:15 Castle Age
20:13 Loom
20:22 Gold Mining
21:35 Wheelbarrow
24:40 Gold Shaft Mining
27:56 Stone Mining
29:31 Heavy Plow
29:47 Bow Saw
30:43 Fletching
30:53 Padded Archer Armor
31:00 Scale Barding Armor
34:33 Leather Archer Armor
34:14 Bodkin Arrow
34:39 Chain Barding Armor
Papaya Yaga
8:43 Loom
11:13 Feudal Age
13:20 Double-Bit Axe
13:20 Horse Collar
19:57 Fishing Lines
20:12 Fletching
22:53 Castle Age
22:16 Gold Mining
22:17 Stone Mining
22:41 Forging
22:37 Padded Archer Armor
24:28 Bow Saw
24:21 Heavy Plow
25:20 Gold Shaft Mining
25:56 Medium Warships
26:16 Bodkin Arrow
28:57 Ballistics
28:45 Murder Holes
29:33 Gillnets
31:41 Iron Casting
Connection lost

Rejoining the realm…

Still unreachable

The connection could not be restored.

Session expired

The server has moved on; the page needs a fresh start.